Match 46698718
Unlisted

Match 46698718
End
Construct Barracks
Construct Weapon Support Center
M1919 Machine Gun Team
Bazooka Squad
Bazooka Squad
Engineer Squad
Mechanized Support Center
Selects Special Operations Battlegroup
M1919 Machine Gun Team
Selects M29 Weasel with M1 Pack Howitzer
Selects M29 Weasel Recon Vehicle
M3 Armored Personnel Carrier
M3 Armored Personnel Carrier
M1919 Machine Gun Team
M3 Armored Personnel Carrier
Selects Mark Vehicle
Selects UNKNOWN (2162291)
M1919 Machine Gun Team
M1919 Machine Gun Team
M1919 Machine Gun Team
Selects Raiding Flares
Selects SSF Commando Squad
Jm200092
Bartolomaeus Bart
[PD] Ducktus
=-._.-=MR.Paul=-._.-=
Garfailed
lllandscape
DJ Hennessy Youngman
Prof. Dr. Redbullet (GER)
0
0

Comments sign in to comment!

No comments posted yet!